 Dungeon Crawl Stone Soup version 0.32-a0-516-g94ed278cf8 (webtiles) character file.

Game seed: 2433587666477228261

223231 Amplified the Orthodox (level 18, -10/169 HPs)
             Began as a Mountain Dwarf Monk on Feb 25, 2024.
             Was an Elder of Zin.
             Killed by angry trees
             ... awakened by a spriggan druid
              (15 damage)
             ... while paralysed by a fenstrider witch
             ... on level 4 of the Swamp on Feb 27, 2024.
             The game lasted 01:50:10 (39289 turns).

Amplified the Orthodox (Mountain Dwarf Monk)       Turns: 39289, Time: 01:50:10

Health: -10/169    AC: 20    Str: 23    XL:     18   Next: 64%
Magic:  32/32      EV:  2    Int: 12    God:    Zin [****..]
Gold:   1700       SH:  0    Dex:  9    Spells: 15/22 levels left

rFire   + + .        F - +0 broad axe (flame)
rCold   + . .        t - +0 buckler
rNeg    + + .        f - +4 ring mail of Benevolence {+Blink rF+ rN++ Dex-3}
rPois   +            p - +3 crown of Dyrovepreva {rElec Int+2 SInv}
rElec   +            E - scarf {repulsion}
rCorr   +            b - +2 pair of gloves
SInv    +            B - +1 pair of boots
Will    ++...        j - amulet of Skepticism {Acrobat rElec rPois} Stlth
                     e - +5 ring of evasion
HPRegen 0.48/turn    w - ring of willpower
MPRegen 0.23/turn

%: repel missiles, acrobat
@: paralysed, silenced (expiring), resistant, on blink cooldown
A: runic magic, artefact enchanting
a: Renounce Religion, Evoke Blink


You were on level 4 of the Swamp.
You worshipped Zin.
Zin was greatly pleased with you.
You visited 6 branches of the dungeon, and saw 31 of its levels.
You also visited: Sewer and Ossuary.

You collected 3002 gold pieces.
You spent 1004 gold pieces at shops.
You donated 298 gold pieces to Zin.

Inventory:

Hand Weapons
 l - a +2 heavy broad axe
 x - the +8 frozen axe "Frostbite" {freeze, freezing cloud, *Noise Fly rC+}
   (You found it on level 10 of the Dungeon)

   rC+:       It protects you from cold.
   Fly:       It grants you flight.
   *Noise:    It may make a loud noise when swung.
 F - a +0 broad axe of flaming (weapon)
Missiles
 d - 27 poisoned darts (quivered)
 P - 3 silver javelins
Armour
 b - a +2 pair of gloves (worn)
 c - a +0 ring mail of cold resistance
 f - the +4 ring mail of Benevolence (worn) {+Blink rF+ rN++ Dex-3}
   (You found it on level 2 of the Dungeon)

   Dex-3:     It affects your dexterity (-3).
   rF+:       It protects you from fire.
   rN++:      It greatly protects you from negative energy.
   +Blink:    It lets you blink.
 o - a +2 helmet
 p - the +3 crown of Dyrovepreva (worn) {rElec Int+2 SInv}
   (You acquired it on level 3 of the Swamp)

   Int+2:     It affects your intelligence (+2).
   rElec:     It insulates you from electricity.
   SInv:      It lets you see invisible.
 t - a +0 buckler (worn)
 y - a scarf of invisibility
 A - a +0 cloak
 B - a +1 pair of boots (worn)
 E - a scarf of repulsion (worn)
 G - +0 acid dragon scales
Jewellery
 e - a +5 ring of evasion (left hand)
 h - a ring of positive energy
 j - the amulet of Skepticism (around neck) {Acrobat rElec rPois}
   (You acquired it in an ossuary)

   [amulet of the acrobat]

   Acrobat:   It increases your evasion while moving and waiting.
   rElec:     It insulates you from electricity.
   rPois:     It protects you from poison
 s - an amulet of magic regeneration
 w - a ring of willpower (right hand)
 K - a ring of positive energy
 L - a ring of resist corrosion
 M - a ring of protection from fire
Wands
 i - a wand of mindburst (23)
 m - a wand of flame (71)
 v - a wand of digging (10)
 J - a wand of iceblast (10)
 N - a wand of charming (6)
Scrolls
 g - 10 scrolls of immolation
 n - a scroll of enchant armour
 r - 2 scrolls of poison
 u - 6 scrolls of amnesia
 C - a scroll of vulnerability
 H - 10 scrolls of identify
 Q - a scroll of fog
Potions
 a - 5 potions of attraction
 k - 5 potions of brilliance
 z - 4 potions of mutation
 O - a potion of magic
Miscellaneous
 S - a condenser vane (inert)


   Skills:
 * Level 17.1 Fighting
 - Level 15.0(18.0) Axes
 - Level 16.4(18.7) Maces & Flails
 * Level 12.2 Armour
 - Level 6.6 Dodging
 - Level 5.5 Shields
 - Level 2.7 Spellcasting
 - Level 3.6 Ice Magic
 * Level 20.2 Invocations
 - Level 8.5 Evocations


You had 15 spell levels left.
You knew the following spells:

 Your Spells              Type           Power      Damage    Failure   Level
a - Frozen Ramparts       Ice            20%        1d4       22%         3
b - Sticky Flame          Fire/Alch      1%         2d4       97%         4

Your spell library contained the following spells:

 Spells                   Type           Power      Damage    Failure   Level
 Freeze                   Ice            40%        1d6       7%          1
 Ensorcelled Hibernation  Hex/Ice        12%        N/A       22%         2
 Ozocubu's Armour         Ice            10%        N/A       22%         3
 Apportation              Tloc           2%         N/A       32%         1
 Foxfire                  Conj/Fire      4%         2x1d4     32%         1
 Magic Dart               Conj           4%         1d3       32%         1
 Necrotise                Necr           4%         1d4       32%         1
 Sting                    Conj/Alch      4%         1d3       32%         1
 Summon Small Mammal      Summ           4%         N/A       32%         1
 Hailstorm                Conj/Ice       6%         3d5       41%         3
 Summon Ice Beast         Ice/Summ       6%         N/A       41%         3
 Blink                    Tloc           2%         N/A       43%         2
 Call Imp                 Summ           2%         N/A       43%         2
 Sublimation of Blood     Necr           1%         N/A       43%         2
 Inner Flame              Hex/Fire       1%         N/A       67%         3
 Passwall                 Erth           1%         N/A       67%         3
 Swiftness                Air            1%         N/A       67%         3
 Flame Wave               Conj/Fire      1%         2d4       97%         4
 Ignite Poison            Fire/Alch      1%         N/A       97%         4
 Petrify                  Alch/Erth      1%         N/A       97%         4
 Metabolic Englaciation   Hex/Ice        3%         N/A       99%         5
 Irradiate                Conj/Alch      0%         3d11      100%        5
 Plasma Beam              Fire/Air       0%         2x1d10    100%        6
 Sculpt Simulacrum        Ice/Alch       3%         N/A       100%        6
 Starburst                Conj/Fire      0%         6d3       100%        6
 Ozocubu's Refrigeration  Ice            5%         4d8       100%        7
 Summon Hydra             Summ           0%         N/A       100%        7
 Ignition                 Fire           0%         3d3       100%        8
 Polar Vortex             Ice            5%         N/A       100%        9


Dungeon Overview and Level Annotations

Branches:
Dungeon (15/15)            Temple (1/1) D:7            Lair (5/5) D:9
  Swamp (4/4) Lair:2       Spider (4/4) Lair:3        Slime (0/5) Lair:5
    Orc (2/2) D:12            Elf (0/3) Orc:2        Vaults (0/5) D:13
 Depths (0/4) D:15          Sewer (visited)         Ossuary (visited)

Altars:
Ashenzari
Cheibriados
Dithmenos
Elyvilon
Fedhas
Gozag
Hepliaklqana
Kikubaaqudgha
Makhleb
Nemelex Xobeh
Okawaru
Qazlal
Ru
Sif Muna
Trog
Uskayaw
Vehumet
Wu Jian
Xom
Yredelemnul
Zin
The Shining One
Beogh
Jiyva

Shops:
Orc:2 !([(

Annotations:
D:9 3 transporters
D:14 2 runed translucent doors
Lair:3 3 runed translucent doors, Xoh Arhiasm's ghost, journeyman TrWr
Lair:5 exclusion: 3 oklob plants
Swamp:2 3 runed translucent doors, Tauxin's ghost, adept FoFi


Innate Abilities, Weirdness & Mutations

Your spellcasting is much less encumbered by armour.
You can use scrolls of enchantment on lesser artefacts.


Message History

Your unstable footing causes you to fumble your attack.
You block the fenstrider witch's attack. x2
Unknown command.
You feel roots moving beneath the ground.
The fenstrider witch attacks as it pursues you!
The fenstrider witch hits you!
* * * LOW HITPOINT WARNING * * *
The fenstrider witch kicks you but does no damage.
Unknown command.
Your unstable footing causes you to fumble your attack.
You are hit by a branch!
Zin protects you from harm!
The fenstrider witch casts a spell at you.
You easily resist.
The fenstrider witch gestures at you while chanting.
The toxic sludge is repelled.
You fall into the toxic bog.
Moving in this stuff is going to be slow.
Unknown command.
Okay, then.
Unknown command.
Unknown command.
Magic scrolls do not work when you're silenced!
Unknown command.
Okay, then.
Magic scrolls do not work when you're silenced!
Unknown command.
Okay, then.
Magic scrolls do not work when you're silenced!
Unknown command.
You blink.
A swamp worm comes into view.
Unknown command.
Unknown command.
You are waved at by a branch.
The fenstrider witch points at you and mumbles some strange words.
You suddenly lose the ability to move!
The swamp worm fires a harpoon shot at you.
The harpoon shot is repelled.
A tree reaches out and hits you!
You die...

. ~~~~. ♣♣♣ ~~~~.♣ ♣~§.
~~~~. ♣~~. ♣~.~♣ .~.~♣
######### ... ##.~.♣.~.##
###♣.~~♣♣♣§.~♣###♣
#~i..HH@♣..~~~.~##.♣♣♣♣♣
#.##O§2.~♣~.~.)##~##.~♣~♣
#i #F##♣~~♣..♣##)#~~# ♣.~~
♣~~~#§##~w♣.~##.#~§.♣#♣~~§
#.~~.#..##♣)♣##.~#~.~~##...
♣^~~.##vH##♣##.~##~..~♣#...
#~~~..
#.O~♣#♣.~~#♣§~~~~#..~
#~.~~~~
##♣.2~~.♣##.~....)#♣.
#.~[♣.~ #~~~..##.....♣~.#♣.


You could see a hell beast, 2 fenstrider witches, an ogre mage, a spriggan
druid, a goliath frog and a swamp worm.

Vanquished Creatures
  Nikola (Swamp:1)
  3 fenstrider witches
  3 emperor scorpions
  2 ghouls (Swamp:3)
  2 orc warlords
  Nessos (D:13)
  A broodmother (Spider:3)
  5 eleionomae
  A dire elephant (Lair:5)
  3 bunyips
  The ghost of crabbyslav the Toxicologist, a journeyman DsAl of Vehumet (Lair:1)
  Snorg (Lair:5)
  2 entropy weavers (Spider:3)
  Josephine (Orc:2)
  6 shambling mangroves
  4 vault guards
  2 ghost crabs
  14 hydras
  5 alligators
  3 centaur warriors (D:14)
  5 ogre magi
  6 boulder beetles
  3 catoblepae
  16 death yaks
  A deep troll shaman (Lair:5)
  2 demonic crawlers (Spider:3)
  11 two-headed ogres
  2 spriggan berserkers
  3 tengu warriors
  Urug (Orc:2)
  An orc high priest (Orc:2)
  3 soul eaters (Swamp:4)
  Amaemon (D:10)
  5 goliath frogs
  A skeletal warrior (D:14)
  A salamander mystic (D:15)
  2 pharaoh ants (Spider:4)
  2 spriggan druids (Swamp:4)
  2 orb spiders
  An arcanist (D:13)
  8 bog bodies
  7 swamp dragons
  A deep elf zephyrmancer (Swamp:4)
  2 orc knights
  4 steelbarb worms
  Pikel (D:4)
  4 orc sorcerers
  12 wolf spiders
  A deep elf pyromancer (D:14)
  4 ugly things
  2 manticores
  A moth of wrath (Spider:1)
  6 cyclopes
  Maurice (Orc:2)
  A meliai (shapeshifter) (D:15)
  2 will-o-the-wisps
  9 elephants
  3 meliai (D:14)
  8 kobold blastminers
  3 black mambas
  11 centaur zombies (D:11)
  3 orange demons
  7 torpor snails
  2 gargoyles
  11 cane toads
  3 rime drakes
  2 unseen horrors (D:11)
  8 komodo dragons
  A kobold demonologist (D:9)
  A freezing wraith (D:11)
  2 tengu conjurers
  An efreet (D:14)
  A bloated husk (Swamp:4)
  A queen bee (Lair:1)
  6 polar bears
  8 tarantellas
  6 trolls
  30 hornets
  Grinder (D:4)
  18 tyrant leeches
  12 blink frogs
  2 dream sheep (D:7)
  5 slime creatures
  30 jumping spiders
  A meliai zombie (D:11)
  A slime creature (shapeshifter) (D:15)
  12 spriggans
  2 shadows
  3 centaur simulacra (D:10)
  5 culicivoras
  A vampire (D:12)
  37 yaks
  An unseen horror simulacrum (D:10)
  5 wyverns
  6 wraiths
  2 basilisks (D:14)
  A warg (D:12)
  2 steam dragons (D:7)
  12 vampire mosquitoes
  24 redbacks
  A chaos spawn (Swamp:4)
  Menkaure (D:4)
  21 swamp worms
  3 acid dragons
  38 water moccasins
  2 hell hounds (Lair:3)
  38 orc warriors
  A sky beast (D:7)
  3 swamp drakes
  An ice beast (D:6)
  11 black bears
  9 ogres
  10 wolves
  7 centaurs
  A phantom (D:8)
  A brain worm (D:4)
  A gnoll sergeant (D:7)
  11 bullfrogs
  7 scorpions
  4 wights (D:10)
  14 killer bees
  14 howler monkeys
  An electric eel (Spider:3)
  6 bullfrog zombies (Ossuary)
  A jelly (D:6)
  Crazy Yiuf (D:2)
  2 gnoll boudas
  22 orc priests
  4 hounds
  5 mummies (Ossuary)
  4 iguanas
  19 orc wizards
  A killer bee zombie (Ossuary)
  A crocodile zombie (Ossuary)
  3 hound zombies (Ossuary)
  Robin (D:4)
  11 howler monkey zombies (Ossuary)
  17 gnolls
  19 adders
  2 shadow imps
  A white imp (D:8)
  An ufetubus (D:7)
  3 dart slugs
  2 ribbon worms (D:2)
  92 orcs
  7 endoplasms
  14 giant cockroaches
  17 goblins
  12 hobgoblins
  5 quokkas
  9 ball pythons
  2 ball python zombies (Ossuary)
  7 bats
  4 frilled lizards
  53 kobolds
  7 rats
1052 creatures vanquished.

Vanquished Creatures (collateral kills)
  Jorgrun (D:12)
1 creature vanquished.

Vanquished Creatures (others)
  A centaur warrior (D:14)
  2 bloated husks
  A swamp worm (Swamp:1)
  An orc warrior (Orc:1)
  An ogre (Orc:2)
  An ufetubus (D:7)
  10 foxfires
17 creatures vanquished.

Grand Total: 1070 creatures vanquished

Notes
Turn   | Place    | Note
-------+----------+-------------------------------------------
     0 | D:1      | Amplified the Mountain Dwarf Monk began the quest for the
                  | Orb.
     0 | D:1      | Reached XP level 1. HP: 19/19 MP: 1/1
    85 | D:1      | Found a faded altar of an unknown god.
   113 | D:1      | Reached XP level 2. HP: 14/26 MP: 2/2
   368 | D:1      | Reached XP level 3. HP: 32/33 MP: 3/3
   714 | D:2      | Identified the +1 ring mail of Benevolence {+Blink rF+ rN++
                  | Dex-3}
  1199 | D:2      | Found a runed translucent door.
  1200 | D:2      | Noticed Crazy Yiuf
  1409 | D:3      | Reached XP level 4. HP: 40/40 MP: 4/4
  1519 | D:3      | Reached skill level 1 in Evocations
  1550 | D:3      | Found a glowing drain.
  1566 | Sewer    | Entered a sewer
  2529 | D:4      | Noticed Robin
  2557 | D:4      | Killed Robin
  2558 | D:4      | Reached skill level 5 in Maces & Flails
  2558 | D:4      | Reached XP level 5. HP: 43/47 MP: 5/5
  2596 | D:4      | Noticed Menkaure
  2606 | D:4      | Killed Menkaure
  2607 | D:4      | Reached skill level 5 in Fighting
  2607 | D:4      | Reached XP level 6. HP: 43/56 MP: 6/6
  2708 | D:4      | Reached skill level 15 in Maces & Flails
  2708 | D:4      | Reached XP level 7. HP: 17/61 MP: 7/7
  2761 | D:4      | Found a shimmering altar of Xom.
  2811 | D:4      | Noticed Grinder
  2815 | D:4      | Paralysed by Grinder for 3 turns
  2829 | D:4      | Killed Grinder
  2830 | D:4      | Reached XP level 8. HP: 48/69 MP: 8/8
  2960 | D:4      | Identified the +1 ring mail of the Scribe {SInv}
  3044 | D:4      | Noticed Pikel
  3067 | D:4      | Killed Pikel
  3098 | D:4      | Found a sand-covered staircase.
  3105 | Ossuary  | Entered an ossuary
  3222 | Ossuary  | Identified a scroll of acquirement
  3226 | Ossuary  | Acquired the amulet of Skepticism {Acrobat rElec rPois}
  3341 | Ossuary  | Reached skill level 1 in Armour
  3355 | Ossuary  | Reached XP level 9. HP: 75/75 MP: 9/9
  3531 | D:4      | Found a bloodstained altar of Trog.
  3661 | D:5      | Entered Level 5 of the Dungeon
  4252 | D:5      | Noticed Eustachio
  4253 | D:5      | Eustachio changed into Eustachio the centaur
  4253 | D:5      | Noticed Eustachio
  4256 | D:5      | Killed Eustachio the centaur
  4668 | D:6      | Noticed Maggie
  4669 | D:6      | Maggie changed into Maggie the howler monkey
  4669 | D:6      | Noticed Maggie
  4679 | D:6      | Killed Maggie the howler monkey
  4805 | D:6      | Reached skill level 1 in Axes
  5156 | D:6      | Found a snail-covered altar of Cheibriados.
  5377 | D:7      | Found a staircase to the Ecumenical Temple.
  5387 | Temple   | Entered the Ecumenical Temple
  5402 | Temple   | Became a worshipper of Zin the Law-Giver
  5402 | Temple   | Reached * piety under Zin
  5402 | Temple   | Reached ** piety under Zin
  5402 | Temple   | Reached *** piety under Zin
  5529 | D:7      | Reached skill level 1 in Invocations
  5541 | D:7      | Reached skill level 2 in Invocations
  5587 | D:7      | Reached XP level 10. HP: 60/86 MP: 10/12
  5824 | D:7      | Found a basalt altar of Yredelemnul.
  5828 | D:7      | Found a sacrificial altar of Ru.
  5829 | D:7      | Found a shimmering blue altar of Sif Muna.
  5902 | D:7      | Reached skill level 3 in Invocations
  6453 | D:8      | Found a hide-covered altar of Uskayaw.
  6585 | D:8      | Reached skill level 4 in Invocations
  6761 | D:8      | Reached skill level 5 in Axes
  6933 | D:8      | Found a shadowy altar of Dithmenos.
  6982 | D:8      | Reached skill level 5 in Invocations
  7100 | D:8      | Noticed a two-headed ogre
  7107 | D:8      | Killed a two-headed ogre
  7268 | D:8      | Identified the +6 orcbow "Okoraof" {antimagic, Str+4 Dex+2}
  7475 | D:9      | Noticed a soul eater
  7735 | D:9      | Found a transporter.
  7753 | D:9      | Found a transporter.
  7772 | D:9      | Found a transporter.
  7854 | D:9      | Reached skill level 6 in Invocations
  7903 | D:9      | Reached XP level 11. HP: 63/95 MP: 15/15
  7918 | D:9      | Found a staircase to the Lair.
  8486 | D:9      | Found a transporter.
  8532 | D:10     | Entered Level 10 of the Dungeon
  8575 | D:10     | Noticed Amaemon
  8581 | D:10     | Reached skill level 7 in Invocations
  8599 | D:10     | Killed Amaemon
  8794 | D:10     | Found a sparkling altar of Nemelex Xobeh.
  8820 | D:10     | Reached **** piety under Zin
  8841 | D:10     | Reached skill level 8 in Invocations
  9155 | D:10     | Found the +8 frozen axe "Frostbite" {freeze, freezing
                  | cloud, *Noise Fly rC+}
  9209 | D:10     | Reached skill level 10 in Fighting
  9735 | D:11     | Reached skill level 9 in Invocations
  9789 | D:11     | Reached XP level 12. HP: 24/107 MP: 17/19
  9816 | D:11     | Reached skill level 10 in Invocations
 10030 | D:11     | Found a basalt altar of Yredelemnul.
 10801 | D:12     | Noticed a two-headed ogre
 10816 | D:12     | Noticed a two-headed ogre
 11481 | Lair:1   | Entered Level 1 of the Lair of Beasts
 11493 | Lair:1   | Reached skill level 10 in Axes
 11615 | Lair:1   | Reached skill level 11 in Invocations
 11935 | Lair:3   | Noticed a five-headed hydra
 11942 | Lair:3   | Found a runed translucent gate.
 11942 | Lair:3   | Found a runed translucent gate.
 11942 | Lair:3   | Found a runed translucent gate.
 11948 | Lair:3   | Killed a one-headed hydra
 11971 | Lair:3   | You fall into a shaft and drop 2 floors!
 11971 | Lair:5   | Entered Level 5 of the Lair of Beasts
 12101 | Lair:4   | Noticed a death yak
 12102 | Lair:4   | Noticed a death yak
 12102 | Lair:4   | Noticed a death yak
 12102 | Lair:4   | Noticed a death yak
 12219 | Lair:5   | Noticed a six-headed hydra
 12227 | Lair:5   | HP: 5/108 [three-headed hydra (10)]
 12228 | Lair:5   | Killed a two-headed hydra
 12332 | Lair:5   | Reached ***** piety under Zin
 12410 | Lair:4   | Noticed a six-headed hydra
 12474 | Lair:4   | Reached XP level 13. HP: 114/114 MP: 21/21
 12768 | Lair:3   | Noticed a minotaur
 13075 | Lair:3   | Noticed Xoh Arhiasm's ghost (journeyman TrWr)
 13115 | Lair:5   | Reached skill level 15 in Axes
 13177 | Lair:5   | Noticed Snorg
 13191 | Lair:5   | Killed Snorg
 13746 | Lair:5   | Reached skill level 12 in Invocations
 14020 | Lair:5   | Upgraded the game from 0.32-a0-470-g255bbe2f98 to
                  | 0.32-a0-481-g9ce6b883f8
 14217 | Lair:5   | Noticed a dire elephant
 14239 | Lair:5   | Killed a dire elephant
 14333 | Lair:5   | Got an earthy gem with 1066 turns to spare
 14336 | Lair:5   | Identified the +4 flail "Zuhevecu" {antimagic, *Noise Fly
                  | rElec SInv}
 14710 | Lair:3   | Reached skill level 5 in Armour
 14886 | Lair:2   | Learned a level 3 spell: Frozen Ramparts
 14983 | Lair:2   | Reached skill level 1 in Ice Magic
 15314 | Lair:2   | Found a staircase to the Swamp.
 15691 | Lair:2   | Identified the +4 falchion "Plog" {flame, rC+ rN+}
 16241 | Lair:1   | Noticed crabbyslav's ghost (journeyman DsAl)
 16242 | Lair:1   | Found a transporter.
 16246 | Lair:1   | Found a transporter.
 16643 | D:2      | Killed Crazy Yiuf
 17289 | D:12     | Reached skill level 1 in Spellcasting
 17289 | D:12     | Reached XP level 14. HP: 113/125 MP: 20/23
 17308 | D:12     | Found a blossoming altar of Fedhas.
 17350 | D:12     | Reached skill level 13 in Invocations
 17906 | D:12     | Found a staircase to the Orcish Mines.
 17913 | D:12     | Found a roughly hewn altar of Beogh.
 18011 | Orc:1    | Entered Level 1 of the Orcish Mines
 18014 | Orc:1    | Noticed Jorgrun
 18420 | Orc:1    | Noticed an orc warlord
 18431 | D:12     | Killed Jorgrun
 18781 | D:15     | Entered Level 15 of the Dungeon
 19391 | D:15     | Reached skill level 1 in Shields
 19688 | D:15     | Found an iron altar of Okawaru.
 19866 | D:15     | Reached skill level 14 in Invocations
 20070 | D:15     | Found a staircase to the Depths.
 20071 | D:15     | Noticed an emperor scorpion
 20758 | D:14     | Found a runed translucent door.
 20759 | D:14     | Upgraded the game from 0.32-a0-481-g9ce6b883f8 to
                  | 0.32-a0-516-g94ed278cf8
 20788 | D:14     | Found a runed translucent door.
 20941 | D:14     | Reached skill level 5 in Shields
 21854 | Orc:1    | Paralysed by an orc sorcerer for 3 turns
 21866 | D:12     | Reached skill level 15 in Invocations
 22093 | Orc:2    | Entered Level 2 of the Orcish Mines
 22151 | Orc:2    | Found a roughly hewn altar of Beogh.
 22158 | Orc:2    | Found Xemillir's Weapon Shop.
 22291 | Orc:2    | Noticed Urug
 22318 | Orc:2    | Killed Urug
 22319 | Orc:2    | Reached XP level 15. HP: 90/136 MP: 23/26
 22459 | Orc:2    | Found a staircase to the Elven Halls.
 22522 | Orc:2    | Found a roughly hewn altar of Beogh.
 22627 | Orc:2    | Found a roughly hewn altar of Beogh.
 22731 | Orc:2    | Found a roughly hewn altar of Beogh.
 22815 | Orc:2    | Found Zeff's Distillery.
 22820 | Orc:2    | Bought a potion of curing for 30 gold pieces
 22820 | Orc:2    | Bought a potion of curing for 30 gold pieces
 22820 | Orc:2    | Bought a potion of curing for 30 gold pieces
 22820 | Orc:2    | Bought a potion of might for 40 gold pieces
 22820 | Orc:2    | Bought a potion of might for 40 gold pieces
 22820 | Orc:2    | Bought a potion of might for 40 gold pieces
 23108 | Orc:2    | Found Olanlupa's Antique Weapon Shop.
 23110 | Orc:2    | Found Ymauh's Antique Armour Boutique.
 23110 | Orc:2    | Found a roughly hewn altar of Beogh.
 23124 | Orc:2    | Bought an embroidered scarf for 280 gold pieces
 23124 | Orc:2    | Bought a transparent scale mail for 315 gold pieces
 23124 | Orc:2    | Identified the +4 scale mail of Gluttony {rN+ Str+3 Dex-4}
                  | (You bought it in a shop on level 2 of the Orcish Mines)
 23137 | Orc:2    | Bought a distressingly furry robe for 199 gold pieces
 23137 | Orc:2    | Identified the +1 robe of Okawaru's Inspiration {rPois
                  | Regen+ Str+4} (You bought it in a shop on level 2 of the
                  | Orcish Mines)
 23349 | Orc:2    | Noticed Maurice
 23353 | Orc:2    | Something stole a ring of resist corrosion
 23357 | Orc:2    | Noticed Josephine
 23361 | Orc:2    | Something stole 218 gold
 23364 | Orc:2    | Something stole 17 poisoned darts
 23365 | Orc:2    | Killed Josephine
 23365 | Orc:2    | Something stole the +8 frozen axe "Frostbite" {freeze,
                  | freezing cloud, *Noise Fly rC+}
 23366 | Orc:2    | Something stole 312 gold
 23369 | Orc:2    | Killed Maurice
 23525 | Orc:2    | Found a roughly hewn altar of Beogh.
 25161 | D:14     | Reached skill level 5 in Dodging
 25319 | D:15     | Killed an emperor scorpion
 26264 | D:13     | Noticed Nessos
 26281 | D:13     | Killed Nessos
 26493 | D:13     | Reached skill level 16 in Invocations
 26714 | D:13     | Found a gate to the Vaults.
 27010 | Lair:1   | Killed crabbyslav's ghost
 27367 | Lair:3   | Found a hole to the Spider Nest.
 28192 | Lair:4   | Identified the +1 dagger of Woinixka {venom, rC+ MP+9
                  | Dex+4}
 29133 | Lair:5   | Found a viscous altar of Jiyva.
 29713 | Lair:5   | Identified the +0 robe of the Morning {Str+2 Stlth+
                  | Archmagi}
 29882 | Spider:1 | Entered Level 1 of the Spider Nest
 30007 | Spider:2 | Reached XP level 16. HP: 72/147 MP: 28/28
 30325 | Spider:3 | Reached skill level 15 in Fighting
 30549 | Spider:2 | Learned a level 4 spell: Sticky Flame
 30930 | Spider:2 | Reached ****** piety under Zin
 31017 | Spider:2 | Reached skill level 17 in Invocations
 31978 | Spider:3 | Reached skill level 5 in Evocations
 32438 | Spider:4 | Entered Level 4 of the Spider Nest
 32606 | Spider:3 | Reached skill level 10 in Armour
 33303 | Swamp:1  | Entered Level 1 of the Swamp
 33363 | Swamp:2  | Noticed Tauxin's ghost (adept FoFi)
 33363 | Swamp:2  | Found a runed translucent gate.
 33363 | Swamp:2  | Found a runed translucent gate.
 33363 | Swamp:2  | Found a runed translucent gate.
 33458 | Swamp:1  | HP: 7/151 [tyrant leech (23)]
 33856 | Swamp:1  | Noticed Nikola
 33905 | Swamp:1  | Killed Nikola
 34309 | Swamp:1  | Reached skill level 18 in Invocations
 34831 | Swamp:2  | HP: 5/151 [tyrant leech (16)]
 34831 | Swamp:2  | HP: 2/151 [goliath frog (3)]
 34831 | Swamp:2  | Zin protects you from harm!
 35359 | Swamp:2  | Reached XP level 17. HP: 105/158 MP: 30/30
 35709 | Swamp:3  | Found a blossoming altar of Fedhas.
 35806 | Swamp:3  | Acquired the +3 crown of Dyrovepreva {rElec Int+2 SInv}
 35806 | Swamp:3  | Found the +3 crown of Dyrovepreva {rElec Int+2 SInv}
 36174 | Swamp:3  | Reached skill level 19 in Invocations
 36174 | Swamp:3  | Reached XP level 18. HP: 146/167 MP: 31/31
 36966 | Swamp:4  | Entered Level 4 of the Swamp
 38509 | Swamp:4  | Reached skill level 20 in Invocations
 39285 | Swamp:4  | HP: 3/169 [fenstrider witch (7)]
 39286 | Swamp:4  | Zin protects you from harm!
 39288 | Swamp:4  | Paralysed by a fenstrider witch for 3 turns
 39289 | Swamp:4  | Killed from afar by a spriggan druid

Illustrated notes

Levels and vault maps discovered:
D:1:      spicycebolla_green_bress_n_ham, layout_rooms,
          shapermc_ecumenical_altar_notcrosses, minmay_misc_feat_chi,
          chequers_garden, minmay_split_cup_large
D:2:      layout_loops_corners, corexii_leaking_fountain,
          uniq_crazy_yiuf_cottage
D:3:      layout_basic, gup_sewer_entry_pipe, chequers_serial_rivers_micro_a
D:4:      layout_loops_cross, mainiacjoe_overflow_alcove_2, xom_butterflies,
          nicolae_ossuary_entry_monument, uniq_menkaure, uniq_grinder,
          uniq_pikel, uniq_robin
D:5:      minmay_goblin_kobold_castle, layout_loops_ring, uniq_eustachio
D:6:      layout_basic, lemuel_doored_altar, uniq_maggie
D:7:      layout_basic, gammafunk_temple_overflow_forgotten,
          minmay_temple_entry_ruins, chequers_serial_rivers_room_b,
          dreamdust_gnoll_shepherd
D:8:      layout_basic, grunt_dithmenos_shadows, mainiacjoe_overflow_24_doors
D:9:      layout_roguey, minmay_lair_entry_grove, statue_in_the_mist_lemuel,
          nicolae_transporter_intersection
D:10:     minmay_coctagon, layout_loops_ring, nemelex_xobeh_ov_fountains_minmay,
          kennysheep_generic_room_13, uniq_amaemon
D:11:     layout_stronghold, nicolae_yredelemnul_corpse_copse
D:12:     lemuel_reptile_caves, layout_rooms, minmay_orc_entry_temple_small,
          fedhas_altar_fruit_tree
D:13:     layout_gridville, lightli_vaults_fourway_checkpoint, serial_glass,
          glass_columns_b, glass_columns_b, glass_columns_a, glass_columns_b,
          glass_columns_a, glass_columns_b, due_unseen_surprise,
          feat_on_display, uniq_nessos
D:14:     minmay_expanding_circles, layout_irregular_city, serial_park_paths
          [serial_park_minivault_5x5_3]
D:15:     hangedman_depths_entry_try_elsewhere_first, layout_stronghold,
          okawaru_gym_becter
Temple:   cyrus_circular_temple
Lair:1:   layout_big_grid, gammafunk_ghost_hive, beast_lair_carwin_3
Lair:2:   layout_loops_ring, palyth_hydra_swamp_entry,
          grunt_forest_stairs_clearing, lemuel_fruit_fields
Lair:3:   layout_loops_ring, spider_nest_entry_web_field, enter_volcano_3,
          maelrawn_ghost_gauntlet_escape, serial_bayou_shore_a,
          lemuel_fruit_tree
Lair:4:   layout_regular_city
Lair:5:   grunt_lair_end_beastmaster, layout_long_grid,
          minmay_slime_entry_oklob_enclosed, lookout_lair_type, uniq_snorg
Swamp:1:  layout_basic_swamp, hangedman_swamp_ruin_hall, uniq_nikola
Swamp:2:  layout_basic_swamp, gammafunk_ghost_hydra_chop,
          nicolae_swamp_big_swirl
Swamp:3:  layout_falls_marsh, nicolae_swamp_very_dense_foliage, swamp_pool_1_2,
          nicolae_swamp_godswood
Swamp:4:  nzn_swamp_witches_coven, layout_basic_swamp
Spider:1: layout_cave_pods, guppyfry_spider_mini_1
Spider:2: spiders_nest_scorpion_pit
Spider:3: nicolae_spider_jumping_over_cracks [nicolae_spider_jumping_sub_lake,
          nicolae_spider_jumping_sub_lake, nicolae_spider_jumping_sub_plain,
          nicolae_spider_jumping_sub_notch], nicolae_spider_eight_legs
Spider:4: grunt_spider_rune_circles, nzn_ghost_randoct,
          nicolae_spider_checkerboard
Orc:1:    layout_caves, uniq_jorgrun
Orc:2:    grunt_orc_community_town_hall, layout_caves,
          grunt_orc_community_big_house_2, grunt_orc_community_big_house_2,
          grunt_orc_community_house_3, grunt_orc_community_house_2,
          grunt_orc_community_house_3, grunt_orc_community_house_3,
          uniq_josephine, uniq_maurice, uniq_urug

Skill      XL: |  1  2  3  4  5  6  7  8  9 10 11 12 13 14 15 16 17 18 |
---------------+-------------------------------------------------------+-----
Maces & Flails | 4 5 15 16 | 16.4
Fighting       | 4 5 7 8 10 11 13 14 16 17 | 17.1
Evocations     | 1 2 3 4 7 8 |  8.5
Armour         | 1 2 5 8 10 11 12 | 12.2
Axes           | 3 6 9 13 15 | 15.0
Invocations    | 2 6 9 11 12 15 16 18 19 20 | 20.2
Dodging        | 4 6 |  6.6
Ice Magic      | 2 3 |  3.6
Spellcasting   | 1 2 |  2.7
Shields        | 5 |  5.5

Action                     |  1- 3 |  4- 6 |  7- 9 | 10-12 | 13-15 | 16-18 || total
---------------------------+-------+-------+-------+-------+-------+-------++-------
  Melee: Mace              |   148 |       |       |       |       |       ||   148
         Flail             |       |   127 |   299 |       |       |       ||   426
         Unarmed           |       |       |     9 |       |       |       ||     9
         Broad axe         |       |       |    62 |   566 |  1510 |  1037 ||  3175
         Executioner's axe |       |       |       |    50 |       |       ||    50
  Throw: Throwing net      |       |       |     1 |     5 |     3 |       ||     9
         Dart              |       |       |       |       |    12 |       ||    12
   Cast: Frozen Ramparts   |       |       |       |       |     6 |    19 ||    25
 Invoke: Recite            |       |       |       |    17 |    47 |    24 ||    88
         Vitalisation      |       |       |       |    16 |    47 |    25 ||    88
         Sanctuary         |       |       |       |       |     1 |     4 ||     5
         Imprison          |       |       |       |       |     1 |     2 ||     3
Ability: Evoke Blink       |       |       |       |       |     1 |     5 ||     6
  Evoke: Wand              |       |       |     2 |     3 |    30 |     8 ||    43
         Condenser vane    |       |       |       |       |       |     3 ||     3
    Use: Potion            |     2 |     7 |     6 |    14 |    23 |    18 ||    70
         Scroll            |     3 |     2 |    11 |    12 |    15 |    10 ||    53
   Stab: Invisible         |       |       |       |     7 |    10 |     1 ||    18
         Confused          |       |       |       |     4 |    13 |     3 ||    20
         Held in net/web   |       |       |       |     1 |     1 |       ||     2
         Paralysed         |       |       |       |     1 |    12 |       ||    13
         Petrified         |       |       |       |       |     9 |       ||     9
         Petrifying        |       |       |       |       |     2 |       ||     2
 Armour: Robe              |    59 |       |       |       |       |       ||    59
         Ring mail         |    13 |    68 |   117 |   510 |   832 |   827 ||  2367
         Skin              |       |     1 |     1 |       |       |       ||     2
  Dodge: Dodged            |   139 |   147 |   272 |   661 |  1069 |   889 ||  3177
         Repelled          |       |       |       |       |    22 |    56 ||    78
  Block: Buckler           |       |       |       |       |   191 |   268 ||   459

Table legend: (Time is in decaauts)
 A = Elapsed time spent in this place.
 B = Non-inter-level travel time spent in this place.
 C = Inter-level travel time spent in this place.
 D = Time resting spent in this place.
 E = Time spent auto-exploring this place.
 F = Levels seen in this place.
 G = Mean time per level.
                   A        B        C        D        E       F      G
               +--------+--------+--------+--------+--------+-----+--------+
         Total |  39065 |  37107 |   1958 |   8694 |  14495 |  33 | 1183.8 |
       Dungeon |  18789 |  17423 |   1366 |   3079 |   8384 |  15 | 1252.6 |
        Temple |     32 |      3 |     29 |      0 |      0 |   1 |   32.0 |
          Lair |   8043 |   7690 |    353 |   1541 |   3478 |   5 | 1608.6 |
         Swamp |   5760 |   5682 |     78 |   2634 |    682 |   4 | 1440.0 |
   Spider Nest |   3470 |   3393 |     77 |   1427 |    215 |   4 |  867.5 |
  Orcish Mines |   2402 |   2348 |     54 |     12 |   1669 |   2 | 1201.0 |
         Sewer |    288 |    288 |      0 |      0 |     66 |   1 |  288.0 |
       Ossuary |    277 |    277 |      0 |      0 |      0 |   1 |  277.0 |
               +--------+--------+--------+--------+--------+-----+--------+

Top non-repeatable levels by time:
 Swamp:3: 2456 daAuts
  Lair:5: 2400 daAuts
    D:14: 2334 daAuts
    D:11: 2064 daAuts
    D:12: 2022 daAuts
    D:15: 1901 daAuts
Spider:2: 1894 daAuts
  Lair:2: 1802 daAuts
   Orc:2: 1577 daAuts
  Lair:4: 1490 daAuts
  Lair:3: 1452 daAuts
    D:10: 1339 daAuts
Spider:3: 1287 daAuts
 Swamp:1: 1284 daAuts
 Swamp:4: 1267 daAuts
